 Dungeon Crawl Stone Soup version 0.31-a0-43-g46d131a48f (webtiles) character file.

Game seed: 6578992357783531918

6682 BlueFish the Charlatan (level 10, -3/86 HPs)
             Began as a Green Draconian Artificer on May 20, 2023.
             Was a Priest of Fedhas.
             Slain by a cyan ugly thing (6 damage)
             ... on level 10 of the Dungeon.
             The game lasted 00:22:59 (8736 turns).

BlueFish the Charlatan (Green Draconian Artificer)  Turns: 8736, Time: 00:22:59

Health: -3/86      AC: 16    Str: 16    XL:     10   Next: 73%
Magic:  14/14      EV: 14    Int: 15    God:    Fedhas [***...]
Gold:   262        SH:  0    Dex: 11    Spells: 9/9 levels left

rFire   + . .        o - +0 short sword (elec)
rCold   . . .        (no shield)
rNeg    . . .        (body armour unavailable)
rPois   +            (helmet restricted)
rElec   .            (no cloak)
rCorr   .            O - +1 pair of gloves
SInv    .            M - +2 pair of boots
Will    .....        (no amulet)
Stlth   +++          g - ring of protection from fire
HPRegen 0.34/turn    r - +4 ring of protection
MPRegen 0.14/turn

%: no passive effects
@: short of breath
A: breathe noxious fumes, AC +7, unfitting armour, poison resistance,
cold-blooded
a: Breathe Noxious Fumes, Renounce Religion, Wall of Briars, Grow Ballistomycete


You were on level 10 of the Dungeon.
You worshipped Fedhas.
Fedhas was most pleased with you.
You visited 2 branches of the dungeon, and saw 11 of its levels.

You collected 480 gold pieces.
You spent 218 gold pieces at shops.

Inventory:

Hand Weapons
 a - a +0 club
 e - a +0 hand axe
 o - a +0 short sword of electrocution (weapon)
Armour
 M - a +2 pair of boots (worn)
 O - a +1 pair of gloves (worn)
Jewellery
 g - a ring of protection from fire (left hand)
 r - a +4 ring of protection (right hand)
 y - a +5 ring of evasion
 B - a ring of protection from cold
 L - a ring of magical power
Wands
 b - a wand of flame (46) (quivered)
 c - a wand of charming (37)
 d - a wand of iceblast (5)
 A - a wand of light (2)
 I - a wand of roots (5)
Scrolls
 f - a scroll of brand weapon {unknown}
 h - 2 scrolls of blinking {unknown}
 i - 2 scrolls of vulnerability {unknown}
 j - 2 scrolls of amnesia {unknown}
 l - 2 scrolls of fog {unknown}
 m - 2 scrolls of butterflies {unknown}
 p - a scroll of acquirement {unknown}
 q - a scroll of noise {unknown}
 s - 4 scrolls of enchant weapon {unknown}
 u - 2 scrolls of fear
 z - a scroll of silence
 C - a scroll of torment
 F - 2 scrolls of poison {unknown}
 K - a scroll of enchant armour {unknown}
Potions
 k - 3 potions of magic
 n - a potion of lignification
 t - 2 potions of cancellation
 v - 5 potions of curing
 w - 3 potions of heal wounds
 x - a potion of resistance
 D - 2 potions of flight
 E - 2 potions of haste
 G - 4 potions of brilliance
 J - a potion of attraction {unknown}
 N - a potion of might {unknown}


   Skills:
 + Level 7.6 Fighting
 + Level 6.7 Short Blades
 + Level 6.8 Dodging
 + Level 6.9 Stealth
 + Level 5.7 Invocations
 + Level 7.7 Evocations


You had 9 spell levels left.
You didn't know any spells.
Your spell library contained the following spells:

 Spells                   Type           Power      Damage    Failure   Level
 Necrotise                Necr           0%         1d4       26%         1
 Lesser Beckoning         Tloc           0%         N/A       38%         2
 Call Canine Familiar     Summ           0%         N/A       63%         3
 Dazzling Flash           Conj/Hex       0%         N/A       63%         3
 Gell's Gravitas          Tloc           0%         N/A       63%         3
 Portal Projectile        Hex/Tloc       0%         N/A       63%         3
 Teleport Other           Tloc           0%         N/A       63%         3
 Vampiric Draining        Necr           0%         2d6       63%         3
 Volatile Blastmotes      Fire/Tloc      0%         2d10      63%         3
 Iskenderun's Mystic Bla  Conj/Tloc      0%         2d3       95%         4
 Leda's Liquefaction      Hex/Erth       0%         N/A       95%         4
 Agony                    Necr           0%         N/A       100%        5
 Lee's Rapid Deconstruct  Erth           0%         3d4*      100%        5
 Starburst                Conj/Fire      0%         6d3       100%        6
 Statue Form              Tmut/Erth      0%         N/A       100%        6


Dungeon Overview and Level Annotations

Branches:
Dungeon (10/15)            Temple (1/1) D:6            Lair (0/5) D:10
    Orc: D:9-12

Altars:
Ashenzari
Cheibriados
Dithmenos
Elyvilon
Fedhas
Gozag
Hepliaklqana
Kikubaaqudgha
Makhleb
Nemelex Xobeh
Okawaru
Qazlal
Ru
Sif Muna
Trog
Uskayaw
Vehumet
Wu Jian
Yredelemnul
Zin
The Shining One

Shops:
D:3 !   D:5 !   D:9 *


Innate Abilities, Weirdness & Mutations

You can breathe blasts of noxious fumes.
Your lurid green scales are hard. (AC +7)
You cannot fit into any form of body armour.
Your system is resistant to poisons. (rPois)
You are cold-blooded and may be slowed by cold attacks.


Message History

You hit the cyan ugly thing.
The cyan ugly thing is almost dead.
The cyan ugly thing kicks you. The cyan ugly thing shocks you!
* * * LOW HITPOINT WARNING * * *
You hit the cyan ugly thing but do no damage.
The cyan ugly thing is almost dead.
You hit the cyan ugly thing but do no damage.
The cyan ugly thing is almost dead.
You barely miss the cyan ugly thing.
You tail-slap the cyan ugly thing, but do no damage.
The cyan ugly thing is almost dead.
The cyan ugly thing kicks you but does no damage.
You barely miss the cyan ugly thing.
You tail-slap the cyan ugly thing, but do no damage.
The cyan ugly thing is almost dead.
You hit the cyan ugly thing but do no damage.
The cyan ugly thing is almost dead.
You have got your breath back.
The cyan ugly thing barely misses you.
You closely miss the cyan ugly thing.
You tail-slap the cyan ugly thing, but do no damage.
The cyan ugly thing is almost dead.
The cyan ugly thing is no longer blind.
The cyan ugly thing kicks you but does no damage.
Aiming: Breathe Noxious Fumes (3% risk of failure)
Press: ? - help, Shift-Dir - straight line, f/p - cyan ugly thing
Aim: a cyan ugly thing (almost dead, 59% to hit)
You fail to use your ability.
The cyan ugly thing kicks you.
* * * LOW HITPOINT WARNING * * *
The cyan ugly thing shocks you!
* * * LOW HITPOINT WARNING * * *
Aiming: Breathe Noxious Fumes (3% risk of failure)
Press: ? - help, Shift-Dir - straight line, f/p - cyan ugly thing
Aim: a cyan ugly thing (almost dead, 59% to hit)
You exhale a blast of noxious fumes.
The blast of choking fumes misses the cyan ugly thing.
The cyan ugly thing is engulfed in noxious fumes.
The cyan ugly thing appears confused.
The cyan ugly thing kicks you.
You die...
Fedhas appreciates your contribution to the ecosystem.

..... ... #.... ..
#>... # .. #....
#.###. #.. #....
#.#...#######...#....
#....#...≈...#..#....
#....#...#....#....
#.@u##.P.##........
#.#...PPP...#......
#.#≈..P>P..≈#.#....
#.#....PPP..#......
#.....##.PP##.......#
#......#...#)...#...#
......#...≈...#..#...#
#......#######...#...#
#..... ....##...#


You could see a cyan ugly thing (confused).

Vanquished Creatures
  A two-headed ogre (D:9)
  A gargoyle (D:9)
  A hornet (D:8)
  A troll (D:9)
  Sigmund (D:5)
  A shadow (D:9)
  2 yaks (D:9)
  A wyvern (D:7)
  A steam dragon (D:6)
  Menkaure (D:7)
  4 water moccasins
  2 acid dragons
  Duvessa (D:7)
  5 orc warriors
  A black bear (D:8)
  An ice beast (D:7)
  2 ogres
  4 centaurs
  A phantom (D:6)
  5 kobold brigands
  3 gnoll sergeants (D:9)
  4 bullfrogs
  A scorpion (D:5)
  5 wights (D:8)
  Dowan (D:7)
  4 howler monkeys
  3 hounds
  2 gnoll boudas
  A sleepcap (D:6)
  5 iguanas
  Ijyb (D:4)
  Natasha (thrice) (D:3)
  10 orc wizards
  4 adders
  15 gnolls
  A shadow imp (D:6)
  2 ufetubi
  5 worms
  A dart slug (D:5)
  15 orcs
  6 bats
  6 endoplasms
  3 giant cockroaches
  6 goblins
  5 hobgoblins
  21 kobolds
  2 quokkas (D:3)
  8 ball pythons
  8 frilled lizards
  6 rats (D:1)
194 creatures vanquished.

Vanquished Creatures (collateral kills)
  An orc warrior (D:9)
  A wight (D:9)
  4 killer bees (D:9)
  2 orcs (D:9)
8 creatures vanquished.

Grand Total: 202 creatures vanquished

Notes
Turn   | Place    | Note
-------+----------+-------------------------------------------
     0 | D:1      | BlueFish the Draconian Artificer began the quest for the
                  | Orb.
     0 | D:1      | Reached XP level 1. HP: 16/16 MP: 1/1
    46 | D:1      | Reached skill level 1 in Stealth
   168 | D:1      | Reached XP level 2. HP: 23/23 MP: 2/2
   864 | D:2      | Reached XP level 3. HP: 9/29 MP: 3/3
  1634 | D:3      | Noticed Natasha
  1647 | D:3      | Killed Natasha
  1648 | D:3      | Reached XP level 4. HP: 34/37 MP: 4/4
  1668 | D:3      | Found Woropn's Distillery.
  1787 | D:3      | Found a snail-covered altar of Cheibriados.
  1788 | D:3      | Found a sacrificial altar of Ru.
  1794 | D:3      | Noticed Natasha
  1805 | D:3      | Killed Natasha
  1840 | D:3      | Bought a potion of curing for 30 gold pieces
  1840 | D:3      | Bought a potion of heal wounds for 50 gold pieces
  1872 | D:3      | Found a faded altar of an unknown god.
  1880 | D:3      | Reached skill level 1 in Short Blades
  1937 | D:3      | Noticed Natasha
  1940 | D:3      | Killed Natasha
  1941 | D:3      | Reached XP level 5. HP: 42/42 MP: 5/5
  2502 | D:4      | Noticed Ijyb
  2507 | D:4      | Killed Ijyb
  2678 | D:4      | Found a hazy altar of Hepliaklqana.
  2743 | D:4      | Noticed an ogre
  2933 | D:4      | Killed an ogre
  2934 | D:4      | Reached XP level 6. HP: 43/51 MP: 6/6
  2988 | D:5      | Entered Level 5 of the Dungeon
  3062 | D:5      | Noticed Sigmund
  3089 | D:5      | Killed Sigmund
  3147 | D:5      | Noticed a water moccasin
  3158 | D:5      | Killed a water moccasin
  3159 | D:5      | Your scales start taking on a lurid green colour.
  3159 | D:5      | Reached XP level 7. HP: 46/58 MP: 7/7
  3159 | D:5      | Gained mutation: Your system is resistant to poisons.
                  | (rPois) [Green Draconian growth]
  3259 | D:5      | Found Kogeusoq's Distillery.
  3352 | D:5      | Found an ornate altar of the Wu Jian Council.
  3822 | D:6      | Reached skill level 5 in Evocations
  4112 | D:6      | Reached XP level 8. HP: 67/67 MP: 8/8
  4124 | D:6      | Found a staircase to the Ecumenical Temple.
  4216 | D:6      | Reached skill level 5 in Fighting
  4246 | Temple   | Entered the Ecumenical Temple
  4339 | Temple   | Became a worshipper of Fedhas Madash
  4427 | D:6      | Found a glowing golden altar of the Shining One.
  4621 | D:6      | Reached skill level 1 in Invocations
  4825 | D:7      | Reached skill level 5 in Dodging
  4840 | D:7      | Reached skill level 5 in Stealth
  4909 | D:7      | Reached XP level 9. HP: 75/75 MP: 10/10
  4984 | D:7      | Found a burning altar of Makhleb.
  5037 | D:7      | Reached * piety under Fedhas
  5086 | D:7      | Noticed Menkaure
  5100 | D:7      | Killed Menkaure
  5100 | D:7      | Noticed Duvessa
  5111 | D:7      | Noticed Dowan
  5120 | D:7      | Killed Duvessa
  5144 | D:7      | Killed Dowan
  5351 | D:7      | Reached skill level 5 in Short Blades
  6168 | D:8      | Reached ** piety under Fedhas
  6874 | D:8      | Identified the +7 sling of Kidivyg {flame, Int+4}
  7094 | D:9      | Noticed a gargoyle
  7096 | D:9      | Reached XP level 10. HP: 84/84 MP: 13/13
  7145 | D:9      | HP: 1/84 [gargoyle/stone arrow (19)]
  7150 | D:9      | Killed a gargoyle
  7454 | D:9      | Noticed a two-headed ogre
  7480 | D:9      | Found a stormy altar of Qazlal.
  7675 | D:9      | Killed a two-headed ogre
  7676 | D:9      | Reached skill level 5 in Invocations
  8100 | D:9      | Reached *** piety under Fedhas
  8136 | D:9      | Found a hide-covered altar of Uskayaw.
  8188 | D:9      | Found Galiro's Goods Gallery.
  8196 | D:9      | Bought a +1 pair of gloves for 138 gold pieces
  8635 | D:10     | Entered Level 10 of the Dungeon
  8669 | D:10     | Found a staircase to the Lair.
  8672 | D:10     | Noticed a cyan ugly thing
  8735 | D:10     | HP: 3/86 [cyan ugly thing (16)]
  8736 | D:10     | Slain by a cyan ugly thing

Illustrated notes

Levels and vault maps discovered:
D:1:      elethiomel_arrival_maze, layout_loops_ring
D:2:      layout_rooms, kennysheep_generic_room_5
D:3:      layout_basic, chequers_temple_overflow_statue_of_worship,
          shapermc_ecumenical_altar_gd, serial_shops, shop, uniq_natasha
D:4:      layout_cave_pools, mainiacjoe_overflow_cross_hatched, st_stairs_14,
          uniq_ijyb
D:5:      layout_basic, nzn_wu_jian_contemplation, serial_shops, shop,
          uniq_sigmund
D:6:      layout_cave_pools, mainiacjoe_overflow_tiny_flanked, temple_fountains,
          chequers_garden
D:7:      layout_rooms, makhleb_heckhound_becter, nicolae_water_bricks,
          uniq_duvessa, uniq_menkaure
D:8:      layout_loops_corners, nicolae_two_hexagons
D:9:      layout_long_grid, lemuel_crystal_altar,
          mainiacjoe_overflow_small_starburst, serial_glass, glass_columns_a,
          glass_columns_a, item_on_display_a, grunt_decor_fettered,
          nicolae_alphabet_shops, minmay_alternating_orb
D:10:     layout_long_grid, nicolae_overflow_crystal_walls, dpeg_oklobed_lair,
          david_orc_5, gammafunk_ghost_cemetery,
          eino_small_chamber_without_monster, uniq_josephine, uniq_joseph
Temple:   hellmonk_temple_forest_ring

Skill      XL: |  1  2  3  4  5  6  7  8  9 10 |
---------------+-------------------------------+-----
Stealth        | 1 2 3 4 5 6 |  6.9
Fighting       | 2 3 4 5 6 7 |  7.6
Short Blades   | 1 2 3 4 5 6 |  6.7
Dodging        | 3 4 5 6 |  6.8
Evocations     | 4 5 6 7 |  7.7
Invocations    | 2 4 5 |  5.7

Action                     |  1- 3 |  4- 6 |  7- 9 | 10-12 || total
---------------------------+-------+-------+-------+-------++-------
  Melee: Hand axe          |   145 |       |       |       ||   145
         Punch             |     2 |     1 |     5 |     2 ||    10
         Tailslap          |    11 |     8 |    55 |    57 ||   131
         Short sword       |    21 |   107 |   408 |   247 ||   783
 Invoke: Wall of Briars    |       |       |       |     2 ||     2
Ability: Breathe Noxious F |       |       |    23 |    12 ||    35
  Evoke: Wand              |       |     2 |       |     4 ||     6
    Use: Scroll            |     3 |     6 |     1 |     4 ||    14
         Potion            |       |       |       |     1 ||     1
   Stab: Sleeping          |     4 |     4 |     4 |       ||    12
         Distracted        |       |     1 |       |       ||     1
         Confused          |       |       |    14 |    12 ||    26
         Invisible         |       |       |       |     1 ||     1
 Armour: Skin              |    65 |    39 |   147 |    73 ||   324
  Dodge: Dodged            |   117 |    62 |   220 |   155 ||   554

Table legend: (Time is in decaauts)
 A = Elapsed time spent in this place.
 B = Non-inter-level travel time spent in this place.
 C = Inter-level travel time spent in this place.
 D = Time resting spent in this place.
 E = Time spent auto-exploring this place.
 F = Levels seen in this place.
 G = Mean time per level.
                   A        B        C        D        E       F      G
               +--------+--------+--------+--------+--------+-----+--------+
         Total |   8639 |   8348 |    291 |     58 |   5927 |  11 |  785.4 |
       Dungeon |   8466 |   8190 |    276 |     58 |   5788 |  10 |  846.6 |
        Temple |    173 |    159 |     14 |      0 |    139 |   1 |  173.0 |
               +--------+--------+--------+--------+--------+-----+--------+

Top non-repeatable levels by time:
     D:8: 1552 daAuts
     D:9: 1514 daAuts
     D:3: 939 daAuts
     D:5: 930 daAuts
     D:1: 834 daAuts
     D:2: 693 daAuts
     D:6: 675 daAuts
     D:7: 642 daAuts
     D:4: 590 daAuts
  Temple: 173 daAuts
    D:10: 91 daAuts
